 Dungeon Crawl Stone Soup version 0.32-a0-909-gc671339a80 (webtiles) character file.

Game seed: 4251385703433783752

10242 gribnar the Spear-Bearer (level 11, 0/87 HPs)
             Began as a Demonspawn Gladiator on Apr 6, 2024.
             Was a Priest of Beogh.
             Succumbed to Boldo's poison
             ... on level 10 of the Dungeon.
             The game lasted 00:23:04 (10509 turns).

gribnar the Spear-Bearer (Demonspawn Gladiator)    Turns: 10509, Time: 00:23:04

Health: 0/87       AC: 12    Str: 19    XL:     11   Next: 33%
Magic:  17/17      EV:  8    Int: 11    God:    Beogh [***...]
Gold:   356        SH:  5    Dex: 14    Spells: 10/10 levels left

rFire   . . .        b - +3 trident (drain)
rCold   . . .        (no shield)
rNeg    . . .        l - +0 chain mail
rPois   .            (helmet unavailable)
rElec   .            (no cloak)
rCorr   .            g - +0 pair of gloves
SInv    +            (no boots)
Will    +....        p - amulet of reflection Stlth
                     h - ring of willpower
HPRegen 0.34/turn    k - +4 ring of slaying
MPRegen 0.15/turn

%: reflection
@: mighty, lethally poisoned (0 -> -36)
A: antennae 3, spiny 2, big brain 1
a: Renounce Religion, Smiting


You were on level 10 of the Dungeon.
You worshipped Beogh.
Beogh was most pleased with you.
You visited 1 branch of the dungeon, and saw 10 of its levels.
You also visited: Bailey.

You collected 546 gold pieces.
You spent 190 gold pieces at shops.

Inventory:

Hand Weapons
 a - a +0 heavy trident
 b - a +3 trident of draining (weapon)
 i - a +1 trident of protection
Missiles
 e - a javelin
Armour
 g - a +0 pair of gloves (worn)
 l - a +0 chain mail (worn)
 v - +0 steam dragon scales
Jewellery
 h - a ring of willpower (left hand)
 k - a +4 ring of slaying (right hand)
 p - an amulet of reflection (around neck)
 C - a +6 ring of strength
Talismans
 j - a blade talisman
Wands
 m - a wand of paralysis (4)
Scrolls
 c - a scroll of fear
 f - a scroll of noise
 o - 6 scrolls of identify
 q - a scroll of revelation
 t - a scroll of torment
 x - a scroll of teleportation
 y - a scroll of fog {unknown}
 B - a scroll of blinking
 E - a scroll of silence
Potions
 d - 2 potions of brilliance
 r - a potion of attraction
 u - a potion of magic
 z - a potion of haste {unknown}
 D - a potion of lignification


   Skills:
 + Level 8.9 Fighting
 + Level 10.9 Polearms
 - Level 1.7 Throwing
 + Level 7.9 Armour
 - Level 2.6 Dodging
 + Level 8.5 Invocations


You had 10 spell levels left.
You didn't know any spells.
Your spell library contained the following spells:

 Spells                   Type           Power      Damage    Failure   Level
 Magic Dart               Conj           0%         1d3       93%         1
 Searing Ray              Conj           0%         2d4       98%         2
 Call Canine Familiar     Summ           0%         N/A       100%        3
 Sigil of Binding         Hex            0%         N/A       100%        3
 Volatile Blastmotes      Fire/Tloc      0%         2d10      100%        3
 Animate Armour           Summ/Erth      0%         N/A       100%        4
 Dimensional Bullseye     Hex/Tloc       0%         N/A       100%        4
 Fulminant Prism          Conj/Alch      0%         3d5       100%        4
 Iskenderun's Mystic Bla Conj/Tloc 0%             2d3        (+2d1     100%        4
 Silence                  Hex/Air        0%         N/A       100%        5


Dungeon Overview and Level Annotations

Branches:
Dungeon (10/15)            Temple (0/1) D:7            Lair (0/5) D:8
 Bailey (visited)
    Orc: D:9-12

Altars:

Shops:
D:6 *   D:10 ?[*[

Annotations:
D:5 3 runed translucent doors, ninjaread99's ghost, novice DrCj


Innate Abilities, Weirdness & Mutations

Your facial features look somewhat orcish.
You have a pair of large antennae on your head. (SInv)
You are mostly covered in sharp spines.
You have an unusually large brain. (Int +2)


Message History

You feel extremely sick. You block Boldo's attack.
You feel better.
Boldo hits you with the +6 long sword of the Sage.
* * * LOW HITPOINT WARNING * * *
You are poisoned.
You feel much better.
You feel sick.
Boldo hits you with the +6 long sword of the Sage.
You are more poisoned.
Boldo blocks your attack.
Boldo is heavily wounded.
You feel sick. Boldo blocks your attack.
Boldo is heavily wounded.
You feel sick.
Boldo hits you with the +6 long sword of the Sage.
You are more poisoned.
Boldo blocks your attack.
Boldo is heavily wounded.
You feel very sick. Boldo hits you but does no damage.
Boldo blocks your attack.
Boldo is heavily wounded.
You feel very sick.
You hit Boldo.
Boldo is heavily wounded.
You feel very sick.
Boldo hits you with the +6 long sword of the Sage!
* * * LOW HITPOINT WARNING * * *
You are lethally poisoned!
You puncture Boldo!
Boldo is severely wounded.
* * * LOW HITPOINT WARNING * * *
You feel very sick.
Boldo hits you with the +6 long sword of the Sage.
* * * LOW HITPOINT WARNING * * *
You are more poisoned.
You puncture Boldo! You drain Boldo.
Boldo is severely wounded.
You die...

####.##.............##)....#
.............(#####.#..#####
.............######.####
..............#.....# #####
..####.......##)###.###......##
...##..#.....##.#∩#.##........#
#..........$..#...#.#..........
#..###.###...######.#..........#
##..##.......###@o.(#..........#
##...######....###.............#
..........####...÷.............#
..........# #####............#
###.......#####).....#........##
#..........#................<#
#.........#.#..#.............#
+........#...#.#.............#
#.......#..∩..#..............#


You could see Boldo the orc apostle (very drained, divinely empowered).

Vanquished Creatures
  Harold (D:10)
  Jeremiah (D:6)
  2 unseen horrors (D:10)
  Grinder (D:3)
  A troll (D:9)
  Prince Ribbit (Bailey)
  A vampire (D:10)
  A shadow (D:9)
  16 yaks (D:10)
  A wraith (D:9)
  Eustachio (D:6)
  3 humans (Bailey)
  A warg (D:8)
  4 vampire mosquitoes (D:10)
  2 steam dragons
  Edmund (D:6)
  2 orc warriors
  An ice beast (D:6)
  2 sky beasts
  3 centaurs
  2 ogres
  2 wolves (D:8)
  2 kobold brigands
  8 bullfrogs
  A gnoll sergeant (D:7)
  5 scorpions
  5 wights (D:9)
  10 killer bees (D:8)
  3 howler monkeys
  6 hounds
  2 jellies
  3 orc priests
  4 iguanas
  2 sleepcaps
  Terence (D:3)
  11 orc wizards
  5 adders
  13 gnolls
  A white imp (D:8)
  4 ufetubi (D:7)
  2 dart slugs (D:1)
  25 orcs
  12 ball pythons
  3 bats
  6 endoplasms
  2 giant cockroaches
  9 goblins
  5 hobgoblins
  2 jackals (D:5)
  15 kobolds
  5 quokkas
  5 frilled lizards
  5 rats
232 creatures vanquished.

Vanquished Creatures (others)
  3 orcs (D:8)
3 creatures vanquished.

Grand Total: 235 creatures vanquished

Notes
Turn   | Place    | Note
-------+----------+-------------------------------------------
     0 | D:1      | gribnar the Demonspawn Gladiator began the quest for the
                  | Orb.
     0 | D:1      | Reached XP level 1. HP: 16/16 MP: 1/1
    62 | D:1      | Reached skill level 3 in Polearms
   106 | D:1      | Gained mutation: You have a pair of small antennae on your
                  | head. [demonic ancestry]
   106 | D:1      | Reached XP level 2. HP: 22/22 MP: 2/2
   317 | D:1      | Got the Incunabulum of Bad Luck and Formation
   339 | D:1      | Reached XP level 3. HP: 27/27 MP: 3/3
   577 | D:2      | Reached skill level 4 in Polearms
  1352 | D:3      | Gained mutation: You have a pair of antennae on your head.
                  | [demonic ancestry]
  1352 | D:3      | Reached XP level 4. HP: 33/33 MP: 4/4
  1366 | D:3      | Noticed Grinder
  1373 | D:3      | Paralysed by Grinder for 5 turns
  1381 | D:3      | HP: 1/33 [Grinder/nerve-wracking pain (10)]
  1389 | D:3      | Paralysed by Grinder for 3 turns
  1398 | D:3      | Killed Grinder
  1399 | D:3      | Reached skill level 6 in Polearms
  1399 | D:3      | Gained mutation: You have a pair of large antennae on your
                  | head. (SInv) [demonic ancestry]
  1399 | D:3      | Reached XP level 5. HP: 9/38 MP: 5/5
  1399 | D:3      | Reached XP level 6. HP: 10/44 MP: 6/6
  1812 | D:3      | Noticed Terence
  3351 | D:4      | Reached skill level 7 in Polearms
  3707 | D:3      | Killed Terence
  3824 | D:5      | Entered Level 5 of the Dungeon
  3949 | D:5      | Gained mutation: You have an unusually large brain. (Int
                  | +2) [demonic ancestry]
  3949 | D:5      | Reached XP level 7. HP: 38/50 MP: 7/7
  4500 | D:5      | Found a runed translucent gate.
  4501 | D:5      | Found a runed translucent gate.
  4502 | D:5      | Found a runed translucent gate.
  4626 | D:5      | Noticed ninjaread99's ghost (novice DrCj)
  4821 | D:6      | Noticed a steam dragon
  4832 | D:6      | Killed a steam dragon
  4833 | D:6      | Reached skill level 1 in Armour
  4974 | D:6      | Noticed Edmund
  5000 | D:6      | Killed Edmund
  5178 | D:6      | Reached skill level 8 in Polearms
  5178 | D:6      | Gained mutation: You are partially covered in sharp spines.
                  | [demonic ancestry]
  5178 | D:6      | Reached XP level 8. HP: 33/58 MP: 8/8
  5549 | D:6      | Noticed Jeremiah
  5994 | D:6      | Noticed Eustachio
  6005 | D:6      | Killed Eustachio
  6006 | D:6      | Reached skill level 5 in Fighting
  6146 | D:6      | Killed Jeremiah
  6390 | D:6      | Found Cotzafio's General Store.
  6399 | D:6      | Bought 2 potions of heal wounds for 100 gold pieces
  6438 | D:7      | Gained mutation: You are mostly covered in sharp spines.
                  | [demonic ancestry]
  6438 | D:7      | Reached XP level 9. HP: 45/68 MP: 9/9
  6582 | D:7      | Reached skill level 9 in Polearms
  6669 | D:7      | Found a staircase to the Ecumenical Temple.
  6780 | D:7      | Became a worshipper of Beogh the Shepherd
  6861 | D:7      | Reached skill level 5 in Armour
  6871 | D:7      | Reached skill level 1 in Invocations
  7503 | D:8      | Reached * piety under Beogh
  7507 | D:8      | Found a flagged portal.
  7643 | Bailey   | Entered a bailey
  7839 | Bailey   | Noticed Prince Ribbit
  7844 | Bailey   | Reached XP level 10. HP: 52/79 MP: 13/13
  7849 | Bailey   | Killed Prince Ribbit
  7930 | Bailey   | Noticed a vault guard
  8115 | D:8      | Reached skill level 5 in Invocations
  8272 | D:8      | Found a staircase to the Lair.
  8398 | D:8      | Reached ** piety under Beogh
  8399 | D:8      | Reached skill level 10 in Polearms
  9748 | D:10     | Entered Level 10 of the Dungeon
  9748 | D:10     | Found Arrye's Antique Armour Shoppe.
  9837 | D:10     | Found Loolux's Overcharged Wands.
  9873 | D:10     | Found Fulemaul's Armour Boutique.
  9887 | D:10     | Noticed Harold
  9919 | D:10     | Killed Harold
 10063 | D:10     | Found Kunuvun's Magic Scroll Shoppe.
 10118 | D:10     | Reached XP level 11. HP: 56/87 MP: 16/16
 10222 | D:10     | Bought a scroll of blinking for 90 gold pieces
 10443 | D:10     | Reached *** piety under Beogh
 10487 | D:10     | Identified the +6 long sword of the Sage {venom, Will+
                  | Int+3}
 10487 | D:10     | Noticed Boldo
 10509 | D:10     | Succumbed to Boldo's poison

Illustrated notes

Levels and vault maps discovered:
D:1:      grunt_arrival_crossed_arrows, layout_rooms, minivault_27
D:2:      layout_loops_cross
D:3:      layout_basic, cheibrodos_sewer_entry_drain, minmay_quadrilaterals,
          uniq_grinder, uniq_terence
D:4:      layout_gridville
D:5:      layout_basic, gammafunk_ghost_icy
D:6:      layout_basic, serial_shops, shop, minmay_misc_feat_cross,
          uniq_eustachio, uniq_jeremiah, uniq_edmund
D:7:      layout_cave_pools, minmay_temple_entry_trees, minivault_1
D:8:      layout_loops_cross, erik_lair_orcish_takeover, enter_bailey_8
D:9:      layout_loops_cross
D:10:     layout_rooms, zin_treasury, orc_0_dummy, serial_shops,
          nicolae_shop_back_alley_shop, nicolae_shop_tiny_waterfront,
          nicolae_diamond_shop, nicolae_stop_n_shop_2, kennysheep_little_box,
          nicolae_shop_overcharged_wands, uniq_harold

Skill      XL: |  1  2  3  4  5  6  7  8  9 10 11 |
---------------+----------------------------------+-----
Polearms       | 3 4 6 7 8 9 10 | 10.9
Armour         | 2 4 6 7 |  7.9
Fighting       | 3 5 7 8 |  8.9
Invocations    | 4 7 8 |  8.5
Throwing       | |  1.7
Dodging        | |  2.6

Action                     |  1- 3 |  4- 6 |  7- 9 | 10-12 || total
---------------------------+-------+-------+-------+-------++-------
  Melee: Trident           |   109 |   155 |   318 |   255 ||   837
         Unarmed           |       |    11 |       |       ||    11
  Throw: Throwing net      |     1 |     7 |       |     1 ||     9
 Invoke: Convert to Beogh  |       |       |     1 |       ||     1
  Evoke: Wand              |       |       |    17 |       ||    17
    Use: Potion            |       |     5 |     3 |     7 ||    15
         Scroll            |       |    13 |     2 |     1 ||    16
   Stab: Held in net/web   |     1 |     2 |       |       ||     3
         Sleeping          |       |     1 |       |       ||     1
 Armour: Leather armour    |    58 |   101 |     4 |       ||   163
         Skin              |       |    42 |       |       ||    42
         Chain mail        |       |       |   180 |   115 ||   295
  Dodge: Dodged            |    47 |    82 |    70 |    51 ||   250
  Block: Other             |       |       |    17 |    38 ||    55
         Reflection        |       |       |     3 |     2 ||     5

Table legend: (Time is in decaauts)
 A = Elapsed time spent in this place.
 B = Non-inter-level travel time spent in this place.
 C = Inter-level travel time spent in this place.
 D = Time resting spent in this place.
 E = Time spent auto-exploring this place.
 F = Levels seen in this place.
 G = Mean time per level.
                   A        B        C        D        E       F      G
               +--------+--------+--------+--------+--------+-----+--------+
         Total |  10436 |  10020 |    416 |   2015 |   6017 |  11 |  948.7 |
       Dungeon |  10136 |   9720 |    416 |   1831 |   5990 |  10 | 1013.6 |
        Bailey |    299 |    299 |      0 |    184 |     26 |   1 |  299.0 |
               +--------+--------+--------+--------+--------+-----+--------+

Top non-repeatable levels by time:
     D:6: 1756 daAuts
     D:3: 1425 daAuts
     D:8: 1116 daAuts
     D:9: 1070 daAuts
     D:4: 1060 daAuts
     D:2: 909 daAuts
     D:5: 872 daAuts
    D:10: 723 daAuts
     D:7: 664 daAuts
     D:1: 536 daAuts
  Bailey: 299 daAuts
